 Dungeon Crawl Stone Soup version 0.24.0-28-g17ded55e90 (webtiles) character file.

Game seed: 9770831850054523524, levelgen mode: deterministic

181210 PentaManta the Acrobat (level 17, 0/77 HPs)
             Began as a Spriggan Assassin on Nov 13, 2019.
             Was a Follower of Uskayaw.
             Slain by a tarantella (6 damage)
             ... while petrified
             ... on level 1 of the Spider Nest.
             The game lasted 02:52:04 (37765 turns).

PentaManta the Acrobat (Spriggan Assassin)         Turns: 37765, Time: 02:52:04

Health: 0/77       AC: 11    Str:  5    XL:     17   Next: 67%
Magic:  27/27      EV:  4    Int: 13    God:    Uskayaw [*.....]
Gold:   894        SH:  0    Dex: 26    Spells: 8/16 levels left

rFire    . . .     SeeInvis +   t - +7 rapier (elec)
rCold    . . .     Gourm    .   V - +2 buckler {AC+3}
rNeg     + + +     Faith    +   z - +1 troll leather armour
rPois    ∞         Spirit   .   a - +0 hat
rElec    .         Reflect  .   X - +2 cloak {+Inv}
rCorr    .         Harm     .   (gloves unavailable)
MR       +++..     Rnd*Tele +   (boots unavailable)
Stlth    ++........             R - amulet of faith
HPRegen  0.62/turn              N - +3 ring of evasion
MPRegen  0.20/turn              E - ring of poison resistance

@: confused, petrified, flying, contaminated, slowed, glowing, very quick
A: very small, unfitting armour, thin skeletal structure 1, see invisible,
herbivore, speed 3, low mp 1, magic resistance 1, slow metabolism 2,
teleportitis 2, weak 1
a: Stomp, Renounce Religion, Evoke Invisibility


You were on level 1 of the Spider Nest.
You worshipped Uskayaw.
Uskayaw was aware of your devotion.
You were very hungry.

You visited 7 branches of the dungeon, and saw 29 of its levels.
You also visited: Ice Cave, Volcano and Wizlab.

You collected 3470 gold pieces.
You spent 2576 gold pieces at shops.

Inventory:

Hand Weapons
 t - a +7 rapier of electrocution (weapon)
 y - a +2 quick blade of pain
Missiles
 d - 78 poisoned darts
 e - 12 curare-tipped darts (quivered)
 Q - 5 atropa-tipped darts
Armour
 a - a +0 hat (worn)
 z - a +1 troll leather armour (worn)
 V - a +2 buckler of protection (worn)
 X - a +2 cloak of invisibility (worn)
Jewellery
 h - an uncursed ring of resist corrosion
 s - the ring of Xaxeg {rC+ EV+2}
   (You found it in a wizard's laboratory)

   [ring of evasion]

   It affects your evasion (+2).
   It protects you from cold.
 u - an uncursed ring of protection from fire
 D - an uncursed ring of protection from magic
 E - a ring of poison resistance (right hand)
 H - the ring of the Saviour {+Fly rC- rN+ Int+4}
   (You found it in a wizard's laboratory)

   [ring of flight]

   It affects your intelligence (+4).
   It makes you vulnerable to cold.
   It protects you from negative energy.
   It lets you fly.
 N - a +3 ring of evasion (left hand)
 O - an uncursed ring of protection from magic
 R - an amulet of faith (around neck)
 Z - an uncursed ring of fire
Wands
 g - a wand of paralysis (50)
 o - a wand of acid (9)
 G - a wand of digging (3)
 I - a wand of polymorph (19)
 L - a wand of enslavement (12)
 S - a wand of iceblast (47)
Scrolls
 b - 4 scrolls of identify
 i - 16 scrolls of remove curse
 r - 2 scrolls of immolation
 A - 13 scrolls of teleportation
 J - 3 scrolls of blinking
 P - a scroll of holy word {unknown}
 T - 4 scrolls of enchant armour
 W - a scroll of silence
Potions
 j - 6 potions of brilliance
 k - 4 potions of resistance
 l - 4 potions of ambrosia
 m - 10 potions of haste
 n - 5 potions of curing
 p - 3 potions of might
 q - 5 potions of agility
 v - 7 potions of lignification
 w - 3 potions of magic
 x - 3 potions of heal wounds
 B - 3 potions of berserk rage
 C - 2 potions of flight
 F - 2 potions of invisibility
 K - 3 potions of cancellation
Miscellaneous
 c - a sack of spiders
 M - a phial of floods
 U - a fan of gales
 Y - a phantom mirror
Comestibles
 f - 24 rations


   Skills:
 + Level 4.0 Fighting
 * Level 13.5 Short Blades
 - Level 2.0 Throwing
 + Level 23.3 Dodging
 + Level 21.4 Stealth
 - Level 7.2 Shields
 + Level 10.1 Invocations
 - Level 16.0 Evocations


You had 8 spell levels left.
You knew the following spells:

 Your Spells              Type           Power        Failure   Level  Hunger
a - Swiftness             Chrm/Air       #.......     61%         2    ###....
b - Summon Lightning Spi  Summ/Air       #.......     99%         4    #####..
c - Blink                 Tloc           N/A          61%         2    ###....

Your spell library contained the following spells:

 Spells                   Type           Power        Failure   Level  Hunger
 Animate Skeleton         Necr           N/A          45%         1    ##.....
 Apportation              Tloc           #.....       45%         1    ##.....
 Confusing Touch          Hex            #.....       45%         1    ##.....
 Shock                    Conj/Air       #...         45%         1    ##.....
 Summon Small Mammal      Summ           #...         45%         1    ##.....
 Call Imp                 Summ           #.......     61%         2    ###....
 Poisonous Vapours        Pois/Air       #.....       61%         2    ###....
 Shroud of Golubria       Chrm/Tloc      #.....       61%         2    ###....
 Call Canine Familiar     Summ           #.......     83%         3    ####...
 Gell's Gravitas          Tloc           #.........   83%         3    ####...
 Lesser Beckoning         Tloc           #.........   83%         3    ####...
 Mephitic Cloud           Conj/Pois/Air  #.......     83%         3    ####...
 Static Discharge         Conj/Air       #.......     83%         3    ####...
 Summon Guardian Golem    Hex/Summ       #.......     83%         3    ####...
 Teleport Other           Tloc           #.......     83%         3    ####...
 Airstrike                Air            #.........   99%         4    #####..
 Passage of Golubria      Tloc           N/A          99%         4    #####..
 Summon Ice Beast         Ice/Summ       #.......     99%         4    #####..
 Lightning Bolt           Conj/Air       #.........   100%        5    ######.
 Conjure Ball Lightning   Conj/Air       #.........   100%        6    #######
 Freezing Cloud           Conj/Ice/Air   #.........   100%        6    #######


Dungeon Overview and Level Annotations

Branches:
Dungeon (15/15)            Temple (1/1) D:6            Lair (6/6) D:9
  Swamp (1/4) Lair:2       Spider (1/4) Lair:2        Slime (0/5) Lair:5
    Orc (2/2) D:12            Elf (3/3) Orc:2        Vaults (0/5) D:14
 Depths (0/5) D:15          IceCv (visited)         Volcano (visited)
 WizLab (visited)

Altars:
Ashenzari
Cheibriados
Dithmenos
Elyvilon
Fedhas
Gozag
Hepliaklqana
Kikubaaqudgha
Makhleb
Nemelex Xobeh
Okawaru
Qazlal
Ru
Sif Muna
Trog
Uskayaw
Vehumet
Wu Jian
Xom
Yredelemnul
Zin
The Shining One
Beogh

Shops:
D:4 :[[*[   D:5 *   D:6 [   D:9 [[   D:10 ?   Orc:2 *!([((!:   Elf:3 :

Portals:
Trove: Elf:2 (give +6 demon blade)

Annotations:
D:13 1 exclusion
Spider:1 1 transporter
Elf:3 Mara


Innate Abilities, Weirdness & Mutations

You are very small and have problems with some larger weapons.
You are too small for most types of armour.
You have supernaturally acute eyesight. (SInv)
You are a herbivore.
You cover ground extremely quickly.
You need to consume almost no food.
You have a somewhat thin skeletal structure. (Dex +2, Stealth)
Your magical capacity is low. (-10% MP)
You are resistant to hostile enchantments. (MR+)
You are sometimes teleported next to monsters.
You are weak. (Str -2)


Message History

The jumping spider leaps!
The power of Zot is invoked against you!
You feel yourself slow down. Space warps around you!
You blink.
You hear a loud "Zot"!
The jumping spider barely misses you. The jumping spider bites you.
* * * LOW HITPOINT WARNING * * *
The tarantella bites you!
* * * LOW HITPOINT WARNING * * *
You are confused.
The jumping spider leaps!
You hear a loud "Zot"!
The tarantella bites you.
* * * LOW HITPOINT WARNING * * *
You are more confused.
You have turned to stone.
The jumping spider pounces on you!
* * * LOW HITPOINT WARNING * * *
The jumping spider bites you but does no damage.
The tarantella bites you!
You die...

## ## #.##^ #.^..
####s.#.### ####
#@s^..#^^. ^ #}^=
######sss#^..#°..
#./.
##..###s..#^#^^..^


+[^$ #..©###s.^.^^^# #.$© #...###s..#s#^.... +}^$ #.#####°^.#... .s. #.$. #.#
#.^^.^#^^. ^ #"^$ ##.# ####^.#.### ### ######..# #.^.. You could see a demonic
crawler, an orb spider, 2 jumping spiders, 4 tarantellas and a redback.

Vanquished Creatures
  Rupert (D:14)
  A Cloud Mage (WizLab)
  Donald (Elf:2)
  A deep elf sorcerer (Elf:1)
  2 orc warlords (Orc:2)
  A stone giant (Volcano)
  A deep elf annihilator (Elf:1)
  A spark wasp (WizLab)
  A deep elf death mage (Elf:2)
  3 blizzard demons (WizLab)
  Snorg (Lair:6)
  An ettin (D:15)
  Josephine (D:13)
  3 vault guards (D:14)
  6 hydras
  4 ogre magi
  4 ghost crabs
  5 centaur warriors
  2 spriggan air magi (WizLab)
  A catoblepas (Lair:5)
  12 two-headed ogres
  3 alligators (Swamp:1)
  The ghost of Eliym the Cleaver, a novice HOFi of Okawaru (D:10)
  25 dancing weapons
  5 death yaks (Lair:5)
  2 tengu warriors
  4 orc high priests
  A shock serpent (WizLab)
  11 deep elf knights
  The ghost of Necrophagist the Cleaver, a novice HOFi (D:7)
  An unseen horror (D:13)
  A deep troll (D:14)
  6 death drakes (WizLab)
  A lindwurm (Lair:3)
  2 swamp dragons (Swamp:1)
  3 orc knights
  9 deep elf archers
  2 orb spiders (Spider:1)
  6 wolf spiders
  54 deep elf magi
  2 oklob plants (Lair:2)
  2 centaur zombies (D:11)
  6 orc sorcerers
  5 ugly things
  2 manticores
  6 apocalypse crabs (WizLab)
  5 black mambas
  3 ice statues (IceCv)
  2 molten gargoyles (Volcano)
  4 gargoyles
  A torpor snail (Lair:5)
  Psyche (D:10)
  10 spiny frogs
  7 rime drakes
  A freezing wraith (D:14)
  2 kobold demonologists
  7 yaktaurs
  6 komodo dragons
  3 tengu conjurers
  3 efreet
  4 demonic crawlers (Spider:1)
  11 jumping spiders (Spider:1)
  5 polar bears
  A wind drake (WizLab)
  23 slime creatures
  A bog body (Swamp:1)
  A tyrant leech (Swamp:1)
  7 hornets
  9 trolls
  2 dream sheep (Lair:3)
  14 hippogriffs
  10 blink frogs
  A meliai zombie (D:15)
  20 redbacks (Spider:1)
  4 water elementals
  11 air elementals
  6 tarantellas (Spider:1)
  13 spriggans (Lair:6)
  A vampire (D:14)
  8 wyverns
  27 yaks
  3 hogs (D:9)
  3 vampire mosquitoes (Swamp:1)
  7 wraiths
  3 fire elementals
  2 fire bats (Volcano)
  6 basilisks
  2 humans
  A hungry ghost (D:13)
  5 wargs
  5 swamp worms (Swamp:1)
  2 soldier ants (D:13)
  2 hell hounds (Lair:1)
  10 water moccasins
  2 acid dragons
  4 black bears (Lair:6)
  37 orc warriors
  4 porcupines
  15 ice beasts
  A swamp drake (Swamp:1)
  A phantom (D:9)
  16 ogres
  4 sky beasts
  An eye of draining (D:14)
  19 wolves
  A hornet zombie (D:15)
  4 boggarts (Lair:6)
  4 centaurs
  15 crocodiles
  9 big kobolds
  Blork the orc (D:4)
  A wyvern zombie (D:11)
  19 bullfrogs
  3 earth elementals
  A scorpion (D:8)
  6 killer bees
  8 wights
  2 howler monkeys
  2 vampire bats (D:3)
  3 electric eels (D:6)
  7 lava snakes (Volcano)
  2 crimson imps
  2 bullfrog zombies
  8 hounds
  4 centaur skeletons
  29 orc wizards
  15 orc priests
  2 bullfrog skeletons
  11 jellies
  An iguana (D:4)
  Natasha (thrice) (D:4)
  9 worker ants
  2 hound zombies
  A hound skeleton (D:7)
  3 worker ant zombies
  A howler monkey skeleton (D:7)
  A howler monkey zombie (D:7)
  2 gnolls (D:6)
  9 adders
  5 shadow imps
  7 oozes (D:2)
  An adder zombie (D:9)
  4 adder skeletons
  A worm (D:2)
  2 dart slugs (D:2)
  12 leopard geckos
  99 orcs
  7 bats
  4 giant cockroaches
  6 goblins
  8 hobgoblins
  4 jackals
  6 quokkas
  3 frilled lizards
  A jackal skeleton (D:5)
  59 kobolds
  3 quokka skeletons
  A quokka zombie (D:7)
  2 rats (D:1)
  A plant (Lair:2)
1030 creatures vanquished.

Vanquished Creatures (others)
  A hydra (Lair:5)
  A dancing weapon (Elf:3)
  An unseen horror (D:15)
  A deep elf archer (Elf:1)
  A warg (Elf:2)
  3 orc warriors
  8 fungi
  11 toadstools
27 creatures vanquished.

Grand Total: 1057 creatures vanquished

Notes
Turn   | Place    | Note
-------+----------+-------------------------------------------
     0 | D:1      | PentaManta the Spriggan Assassin began the quest for the
                  | Orb.
     0 | D:1      | Reached XP level 1. HP: 10/10 MP: 2/2
   265 | D:1      | Reached skill level 2 in Dodging
   686 | D:2      | Reached XP level 2. HP: 13/14 MP: 3/3
  1186 | D:2      | Reached skill level 3 in Dodging
  1302 | D:2      | Reached XP level 3. HP: 18/18 MP: 4/4
  2399 | D:2      | Reached skill level 4 in Dodging
  2437 | D:2      | Reached XP level 4. HP: 11/22 MP: 5/5
  2884 | D:3      | Reached skill level 5 in Dodging
  2929 | D:3      | Reached XP level 5. HP: 20/25 MP: 6/6
  3228 | D:3      | Found a sacrificial altar of Ru.
  3255 | D:3      | You fall into a shaft and drop 3 floors!
  3273 | D:5      | Entered Level 5 of the Dungeon
  3342 | D:5      | Noticed an ogre
  3559 | D:4      | Found Ereuskurgh's Antique Armour Shop.
  3707 | D:3      | Reached skill level 6 in Dodging
  4179 | D:3      | Found a shimmering blue altar of Sif Muna.
  4386 | D:4      | Reached XP level 6. HP: 30/30 MP: 7/7
  4444 | D:4      | Found Lugieq's Antique Armour Emporium.
  4523 | D:4      | Found a white marble altar of Elyvilon.
  4523 | D:4      | Found a glowing golden altar of the Shining One.
  4524 | D:4      | Found a glowing silver altar of Zin.
  4539 | D:4      | Found Ziyq's Assorted Antiques.
  4553 | D:4      | Bought a potion of curing for 93 gold pieces
  4553 | D:4      | Bought a scroll labeled AQOSES ZOGU for 31 gold pieces
  4553 | D:4      | Bought a scroll labeled KEOKHISMOH for 31 gold pieces
  4553 | D:4      | Bought a fuming dark potion for 27 gold pieces
  4553 | D:4      | Bought a viscous cyan potion for 27 gold pieces
  4553 | D:4      | Bought a scroll labeled TYUDAMP HEMAU for 31 gold pieces
  4553 | D:4      | Bought a scroll labeled DAZYRGH CUFOOSM for 31 gold pieces
  4628 | D:4      | Found Daill's Book Shop.
  4741 | D:4      | Noticed Natasha
  4742 | D:4      | Noticed Blork the orc
  4790 | D:4      | Found Buizaroxko's Antique Armour Shoppe.
  4870 | D:4      | Killed Blork the orc
  4875 | D:4      | Killed Natasha
  4875 | D:4      | Reached skill level 7 in Dodging
  4895 | D:4      | Found a burning altar of Makhleb.
  5084 | D:4      | Found Ziyq's Assorted Antiques.
  5102 | D:4      | Found a white marble altar of Elyvilon.
  5103 | D:4      | Found a glowing golden altar of the Shining One.
  5104 | D:4      | Found a glowing silver altar of Zin.
  5183 | D:4      | Found Lugieq's Antique Armour Emporium.
  5190 | D:4      | Found Ereuskurgh's Antique Armour Shop.
  5279 | D:4      | Found Buizaroxko's Antique Armour Shoppe.
  5297 | D:4      | Noticed Natasha
  5313 | D:4      | Killed Natasha
  5314 | D:4      | Found a burning altar of Makhleb.
  5428 | D:4      | Noticed Natasha
  5443 | D:4      | Killed Natasha
  5632 | D:4      | Found Daill's Book Shop.
  5786 | D:5      | Found Vilug's Mass Market.
  5810 | D:5      | Reached XP level 7. HP: 33/33 MP: 8/8
  5838 | D:5      | Reached skill level 8 in Dodging
  6177 | D:6      | Reached skill level 5 in Short Blades
  6217 | D:6      | Reached skill level 9 in Dodging
  6656 | D:6      | Found a staircase to the Ecumenical Temple.
  6666 | Temple   | Entered the Ecumenical Temple
  6870 | Temple   | Became a worshipper of Uskayaw the Reveler
  6930 | Temple   | Reached * piety under Uskayaw
  6940 | Temple   | Reached ** piety under Uskayaw
  6973 | Temple   | Reached XP level 8. HP: 31/37 MP: 9/9
  7079 | D:6      | Found Suasol's Antique Armour Emporium.
  7191 | D:6      | Found a shadowy altar of Dithmenos.
  7191 | D:6      | Found a shattered altar of Ashenzari.
  7191 | D:6      | Found an ancient bone altar of Kikubaaqudgha.
  7690 | D:6      | Reached *** piety under Uskayaw
  7818 | D:6      | Reached **** piety under Uskayaw
  7826 | D:6      | Reached ***** piety under Uskayaw
  7831 | D:6      | Reached skill level 10 in Dodging
  8083 | D:6      | Reached skill level 10 in Stealth
  8748 | D:7      | Reached skill level 11 in Dodging
  9031 | D:7      | Found a runed translucent gate.
  9031 | D:7      | Found a runed translucent gate.
  9031 | D:7      | Found a runed translucent gate.
  9031 | D:7      | Noticed Necrophagist's ghost (novice HOFi)
  9322 | D:8      | Found a roughly hewn altar of Beogh.
  9514 | D:4      | Bought a runed troll leather armour for 288 gold pieces
  9622 | D:7      | Reached XP level 9. HP: 37/41 MP: 10/10
  9731 | D:7      | Reached skill level 12 in Dodging
 10228 | D:8      | Reached skill level 13 in Dodging
 10683 | D:9      | Found Nouptez's Antique Armour Shoppe.
 10686 | D:9      | Found a staircase to the Lair.
 10756 | D:10     | Entered Level 10 of the Dungeon
 11089 | D:4      | Bought a runed cloak for 150 gold pieces
 11272 | D:9      | Reached skill level 1 in Evocations
 11298 | D:9      | Reached XP level 10. HP: 37/46 MP: 10/12
 11329 | D:9      | Reached skill level 14 in Dodging
 11503 | D:9      | Got a shimmering cloak
 11526 | D:9      | Found Ruganupn's Antique Armour Emporium.
 12033 | D:10     | Found Ecidoebi's Magic Scroll Boutique.
 12052 | D:10     | Bought a scroll of blinking for 97 gold pieces
 12070 | D:10     | Identified the +0 cloak of the Depths {MR+} (You found it
                  | on level 9 of the Dungeon)
 12110 | D:10     | Found a large runed translucent door.
 12110 | D:10     | Found a large runed translucent door.
 12127 | D:10     | Found a large runed translucent door.
 12127 | D:10     | Found a large runed translucent door.
 12205 | D:10     | Noticed Psyche
 12216 | D:10     | Killed Psyche
 12349 | D:10     | Found a runed translucent door.
 12353 | D:10     | Noticed Eliym's ghost (novice HOFi)
 12598 | D:10     | Noticed a gargoyle
 12603 | D:10     | Killed a gargoyle
 12645 | D:10     | Noticed a tengu warrior
 12649 | D:10     | Killed a tengu warrior
 12649 | D:10     | Reached skill level 15 in Dodging
 12859 | D:10     | Reached skill level 5 in Evocations
 12892 | D:11     | Noticed a green ugly thing
 12912 | D:10     | Killed a green ugly thing
 13069 | D:11     | Noticed a white ugly thing
 13134 | Lair:1   | Entered Level 1 of the Lair of Beasts
 13160 | Lair:1   | Noticed a spiny frog
 13167 | Lair:1   | Killed a spiny frog
 13167 | Lair:1   | Reached XP level 11. HP: 49/49 MP: 16/16
 13187 | Lair:1   | Found a dark tunnel.
 13198 | Volcano  | Entered a volcano
 13639 | Volcano  | Found a burning altar of Makhleb.
 13646 | Volcano  | Reached skill level 16 in Dodging
 13697 | Volcano  | Noticed a stone giant
 13706 | Volcano  | Killed a stone giant
 13870 | Lair:1   | Gained mutation: Your magical capacity is low. (-10% MP)
                  | [mutagenic glow]
 13888 | Lair:1   | Noticed a seven-headed hydra
 13899 | Lair:2   | Found a staircase to the Swamp.
 14002 | Lair:2   | Found a bloodstained altar of Trog.
 14039 | Lair:2   | Reached skill level 10 in Short Blades
 14079 | Lair:2   | Found a hole to the Spider Nest.
 14275 | Lair:2   | Identified a scroll of acquirement
 14316 | Lair:2   | Reached ****** piety under Uskayaw
 14503 | Lair:2   | Reached skill level 17 in Dodging
 14551 | Lair:2   | Noticed an oklob plant
 14551 | Lair:2   | Noticed an oklob plant
 14640 | Lair:2   | Killed an oklob plant
 14643 | Lair:2   | Killed an oklob plant
 14939 | Lair:3   | Noticed a six-headed hydra
 14953 | Lair:3   | Killed a six-headed hydra
 14953 | Lair:3   | Reached XP level 12. HP: 44/53 MP: 15/17
 15267 | Lair:3   | Reached skill level 15 in Stealth
 15568 | Lair:3   | Reached skill level 18 in Dodging
 16086 | Lair:4   | Learned a level 2 spell: Swiftness
 16091 | Lair:4   | Learned a level 4 spell: Summon Lightning Spire
 16161 | Lair:4   | Noticed a seven-headed hydra
 16173 | Lair:4   | Killed a seven-headed hydra
 16849 | Lair:5   | Noticed an eight-headed hydra
 16855 | Lair:5   | Killed an eight-headed hydra
 16897 | Lair:5   | Reached skill level 10 in Evocations
 16898 | Lair:5   | Reached skill level 19 in Dodging
 16901 | Lair:5   | Reached XP level 13. HP: 55/57 MP: 19/19
 17275 | Lair:5   | Found a staircase to the Slime Pits.
 17594 | Lair:5   | Found a hazy altar of Hepliaklqana.
 18001 | Lair:6   | Entered Level 6 of the Lair of Beasts
 18201 | Lair:6   | Reached skill level 20 in Dodging
 18269 | Lair:6   | Noticed Snorg
 18272 | Lair:6   | Killed Snorg
 18994 | Lair:6   | Reached skill level 1 in Shields
 19705 | Lair:1   | Reached skill level 1 in Invocations
 19753 | Lair:1   | Reached XP level 14. HP: 51/61 MP: 21/21
 20077 | D:7      | Killed Necrophagist's ghost
 20476 | D:10     | Killed Eliym's ghost
 20642 | D:4      | Bought a bronze ring for 155 gold pieces
 20796 | D:9      | Bought a hat for 92 gold pieces
 22035 | D:12     | Found a staircase to the Orcish Mines.
 22699 | D:13     | Found a shattered altar of Ashenzari.
 22754 | D:13     | Noticed Josephine
 22847 | D:13     | Killed Josephine
 23591 | D:13     | Reached skill level 21 in Dodging
 23750 | D:14     | Noticed Rupert
 23752 | D:14     | Killed Rupert
 23896 | D:14     | You fall into a shaft and drop 1 floor!
 23896 | D:15     | Entered Level 15 of the Dungeon
 24150 | D:14     | Reached skill level 5 in Shields
 24964 | D:15     | Reached XP level 15. HP: 47/65 MP: 23/23
 25127 | D:14     | Reached skill level 5 in Invocations
 25929 | D:15     | Found a staircase to the Depths.
 26313 | D:14     | Found a gate to the Vaults.
 26737 | Spider:1 | Entered Level 1 of the Spider Nest
 27201 | Swamp:1  | Entered Level 1 of the Swamp
 28314 | Orc:1    | Entered Level 1 of the Orcish Mines
 28319 | Orc:1    | Found a roughly hewn altar of Beogh.
 28350 | Orc:2    | Entered Level 2 of the Orcish Mines
 28369 | Orc:2    | Found Was Vyeh's Weapon Shop.
 28610 | Orc:2    | Found a staircase to the Elven Halls.
 28628 | Orc:1    | Found a frozen archway.
 28663 | IceCv    | Entered an ice cave
 29071 | Orc:2    | Found a roughly hewn altar of Beogh.
 29075 | Orc:2    | Found Esokhles's Book Shop.
 29319 | Orc:2    | Found Gamoaff's Assorted Antiques.
 29365 | Orc:2    | Bought a steel ring for 130 gold pieces
 29365 | Orc:2    | Bought a runed jade ring for 130 gold pieces
 29428 | Orc:2    | Found a roughly hewn altar of Beogh.
 29467 | Orc:2    | Found a roughly hewn altar of Beogh.
 29551 | Orc:2    | Noticed an orc warlord
 29579 | Orc:2    | Killed an orc warlord
 29737 | Orc:2    | Found Petesul's Distillery.
 29746 | Orc:2    | Bought a potion of curing for 48 gold pieces
 29746 | Orc:2    | Bought a potion of heal wounds for 80 gold pieces
 29746 | Orc:2    | Bought a potion of curing for 48 gold pieces
 29746 | Orc:2    | Bought 2 potions of heal wounds for 160 gold pieces
 29746 | Orc:2    | Bought 2 potions of haste for 320 gold pieces
 29746 | Orc:2    | Bought a potion of curing for 48 gold pieces
 29746 | Orc:2    | Bought a potion of heal wounds for 80 gold pieces
 29746 | Orc:2    | Bought a potion of ambrosia for 128 gold pieces
 29771 | Orc:2    | Reached skill level 22 in Dodging
 29771 | Orc:2    | Reached XP level 16. HP: 69/69 MP: 25/25
 29773 | Orc:2    | Found Bagebis's Antique Weapon Emporium.
 30067 | Orc:2    | Found Wuxto's Antique Weapon Shoppe.
 30109 | Orc:2    | Found a roughly hewn altar of Beogh.
 30110 | Orc:2    | Found Simen's Antique Armour Emporium.
 30259 | Orc:2    | Bought a glowing short sword for 156 gold pieces
 30300 | Orc:2    | Found a roughly hewn altar of Beogh.
 30313 | Orc:2    | Found Gytsaakk's Distillery.
 30323 | Orc:2    | Bought a potion of heal wounds for 65 gold pieces
 30323 | Orc:2    | Bought 2 potions of heal wounds for 130 gold pieces
 30399 | Orc:2    | Found a roughly hewn altar of Beogh.
 30494 | Elf:1    | Entered Level 1 of the Elven Halls
 31042 | Elf:1    | Reached skill level 15 in Evocations
 31069 | Elf:1    | Gained mutation: You are weak. (Str -2) [mutagenic glow]
 31465 | Elf:2    | Identified the +1 leather armour "Pashrad" {rPois Regen+
                  | Stlth-}
 31507 | Elf:2    | Found a magical portal.
 32169 | WizLab   | Learned a level 2 spell: Blink
 33220 | WizLab   | Noticed Wogh
 33463 | WizLab   | Killed Wogh the Cloud Mage
 33544 | WizLab   | Got a warped marble ring
 33546 | WizLab   | Identified the ring of the Saviour {+Fly rC- rN+ Int+4}
                  | (You found it in a wizard's laboratory)
 33553 | WizLab   | Got a wavering turquoise ring
 33554 | WizLab   | Identified the ring of Xaxeg {rC+ EV+2} (You found it in a
                  | wizard's laboratory)
 33569 | WizLab   | Identified Jiptotits's Incunabulum of Air
 33595 | WizLab   | Got a sheer robe
 33606 | WizLab   | Identified the cursed +0 robe "Soebb" {MP+9 Dex+3} (You
                  | found it in a wizard's laboratory)
 34116 | Elf:2    | Reached XP level 17. HP: 74/74 MP: 26/26
 34140 | Elf:2    | Found a portal to a secret trove of treasure.
 34522 | Elf:2    | Found a huge runed translucent gate.
 34522 | Elf:2    | Found a huge runed translucent gate.
 34522 | Elf:2    | Found a huge runed translucent gate.
 34544 | Elf:2    | Found a huge runed translucent gate.
 34546 | Elf:2    | Found a huge runed translucent gate.
 34671 | Elf:2    | Reached skill level 23 in Dodging
 35062 | Elf:2    | Noticed Donald
 35070 | Elf:2    | Killed Donald
 35262 | Elf:3    | Entered Level 3 of the Elven Halls
 35281 | Elf:2    | Gained mutation: You tend to lose your temper in combat.
                  | [mutagenic glow]
 35791 | Elf:3    | Noticed Mara
 35800 | Elf:3    | Noticed PentaManta's illusion
 36005 | Elf:3    | Found Kawei's Book Shop.
 36200 | Elf:3    | Noticed PentaManta's illusion
 36287 | Elf:1    | Lost mutation: You tend to lose your temper in combat.
                  | [potion of mutation]
 36287 | Elf:1    | Lost mutation: You are weak. (Str -2) [potion of mutation]
 36287 | Elf:1    | Lost mutation: Your magical capacity is low. (-10% MP)
                  | [potion of mutation]
 36287 | Elf:1    | Gained mutation: Your muscles are strong. (Str +2) [potion
                  | of mutation]
 36287 | Elf:1    | Gained mutation: You do not regenerate when monsters are
                  | visible. [potion of mutation]
 36287 | Elf:1    | Gained mutation: Your body sometimes deteriorates upon
                  | taking damage. [potion of mutation]
 36287 | Elf:1    | Gained mutation: You expend magic power (3 MP) to
                  | strengthen your wands. [potion of mutation]
 36689 | D:14     | Lost mutation: Your body sometimes deteriorates upon taking
                  | damage. [potion of mutation]
 36689 | D:14     | Lost mutation: Your muscles are strong. (Str +2) [potion of
                  | mutation]
 36689 | D:14     | Lost mutation: You expend magic power (3 MP) to strengthen
                  | your wands. [potion of mutation]
 36689 | D:14     | Lost mutation: You do not regenerate when monsters are
                  | visible. [potion of mutation]
 36689 | D:14     | Gained mutation: You are occasionally teleported next to
                  | monsters. [potion of mutation]
 36689 | D:14     | Gained mutation: Armour fits poorly on your strangely
                  | shaped body. [potion of mutation]
 36689 | D:14     | Gained mutation: You have a somewhat thin skeletal
                  | structure. (Dex +2, Stealth) [potion of mutation]
 36772 | D:11     | Lost mutation: Armour fits poorly on your strangely shaped
                  | body. [potion of mutation]
 36772 | D:11     | Gained mutation: You are sometimes teleported next to
                  | monsters. [potion of mutation]
 36772 | D:11     | Gained mutation: Your magical capacity is low. (-10% MP)
                  | [potion of mutation]
 36772 | D:11     | Gained mutation: You are resistant to hostile enchantments.
                  | (MR+) [potion of mutation]
 36980 | Elf:3    | Reached skill level 10 in Invocations
 36995 | Elf:3    | Found a shimmering altar of Xom.
 37005 | Elf:3    | Found the +1 cloak of Starlight {rElec rC+ EV+4 Stlth--}
 37041 | Elf:3    | Identified the +5 scimitar of Ixoskag {slice, Fragile
                  | Int+7}
 37041 | Elf:3    | Noticed a deep elf master archer
 37042 | Elf:3    | Noticed a deep elf blademaster
 37045 | Elf:3    | Noticed a deep elf blademaster
 37048 | Elf:3    | Noticed a Hell Sentinel
 37423 | Spider:1 | Found a transporter.
 37541 | Spider:1 | Found a transporter.
 37761 | Spider:1 | Gained mutation: You are weak. (Str -2) [the power of Zot]
 37765 | Spider:1 | Slain by a tarantella

Levels and vault maps discovered:
D:1:      minmay_arrival_jagged, layout_basic, minmay_misc_feat_four_crosses
D:2:      cheibrodos_fertilizer, layout_basic, first_ration
D:3:      layout_basic, led_sif_pool, nicolae_ru_path_of_blood, roderic_batcave,
          dk_noncrumbling_3
D:4:      layout_loops_ring, good_gods_temple_1, kennysheep_mini_moat,
          serial_shops, shop_statue, shop, kennysheep_mini, shop, shop,
          uniq_blork_the_orc, uniq_natasha
D:5:      layout_loops_ring, minmay_crystal_room, grunt_ministairs_11,
          minmay_shop_mass
D:6:      minmay_goblin_kobold_castle, layout_rooms,
          gammafunk_temple_overflow_claw, minmay_temple_entry_junction,
          serial_shops, kennysheep_little_box, gup_sewer_entry_pipe,
          minmay_gold_behind_fungi
D:7:      layout_loops_cross, gammafunk_ghost_necromancy,
          minmay_fractal_squares_diagonal_5
D:8:      layout_loops_cross, special_room [special_room_orc]
D:9:      layout_long_grid, lair_entry_dummy, serial_shops, nicolae_shop_trees,
          nicolae_shop_waterfront, serial_glass, glass_columns_b,
          glass_columns_b, grunt_livestock
D:10:     layout_loops_ring, serial_shops, nicolae_shop_window_shopping,
          gammafunk_ghost_grave, minmay_hollow_rounded_squares, uniq_psyche
D:11:     layout_gridville, st_stairs_10, serial_bayou_pond_d
D:12:     layout_long_grid, minmay_orc_entry_guard_dogs
D:13:     layout_loops_corners, ashenzari_altar_1, uniq_josephine
D:14:     layout_cave_pools, grunt_vaults_entry_fortified, grunt_ministairs_13,
          uniq_rupert
D:15:     hangedman_depths_entry_civil_slaughter, layout_cave_pools,
          corexii_hall_statues_l
Temple:   nicolae_temple_figure_eight
Lair:1:   layout_chaotic_city, enter_volcano_3
Lair:2:   layout_regular_city, swamp_mist, dummy_spider_entry, basic_altar,
          minmay_lair_oklob_chamber, lemuel_fruit_fields, serial_bayou_shore_b
Lair:3:   layout_chaotic_city, minmay_shattered_shrine, grunt_megastairs_3
Lair:4:   layout_cave_pods
Lair:5:   layout_cave_pods, minmay_slime_entry_pillars, special_room
          [special_room_mythical_zoo], basic_altar
Lair:6:   minmay_lair_end_enchanted_forest, layout_misc_corridors, uniq_snorg
Swamp:1:  layout_basic_swamp, serial_swamp_ruin, evilmike_swamp_ruin_house_5,
          evilmike_swamp_ruin_house_2, swamp_pool1, infiniplex_staircase_pool_2
Spider:1: gammafunk_its_a_trap
Orc:1:    layout_diamond_mine, portal_ice_cave_entry_ice_beasts, basic_altar
Orc:2:    grunt_orc_community_town_hall, layout_caves,
          grunt_orc_community_big_house_2, grunt_orc_community_big_house_2,
          grunt_orc_community_house_3, grunt_orc_community_house_2,
          grunt_orc_community_house_1, grunt_orc_community_house_3,
          grunt_orc_community_house_1, serial_shops, shop, nicolae_shop_crystal,
          shop, shop
Elf:1:    eino_elf_arrival_sip, layout_loops_cross, hangedman_elf_represent
Elf:2:    layout_geoelf_grid, nicolae_trove_entry_crossroad, mu_enter_wizlab_6,
          uniq_donald
Elf:3:    minmay_elf_hall_spiked, layout_geoelf_octagon, serial_shops,
          nicolae_shop_window_shopping, basic_altar, uniq_mara

Skill      XL: |  1  2  3  4  5  6  7  8  9 10 11 12 13 14 15 16 17 |
---------------+----------------------------------------------------+-----
Dodging        | 2 3 4 5 6 7 9 11 13 15 17 19 20 21 22 23 | 23.3
Stealth        | 6 7 8 9 10 12 13 14 16 17 18 19 20 21 | 21.4
Short Blades   | 3 4 5 6 8 9 10 11 12 13 | 13.5
Evocations     | 1 5 8 10 11 13 14 15 16 | 16.0
Shields        | 2 5 7 |  7.2
Invocations    | 1 4 7 9 10 | 10.1
Fighting       | 2 4 |  4.0
Throwing       | |  2.0

Action                   |  1- 3 |  4- 6 |  7- 9 | 10-12 | 13-15 | 16-18 || total
-------------------------+-------+-------+-------+-------+-------+-------++-------
Melee: Dagger            |   139 |   162 |       |    50 |       |       ||   351
       Short sword       |       |    66 |   668 |   633 |  2608 |   712 ||  4687
       Scimitar          |       |       |       |       |    21 |       ||    21
       Rapier            |       |       |       |       |       |   423 ||   423
Throw: Dart              |     2 |    10 |    47 |     5 |     1 |     5 ||    70
Invok: Stomp             |       |       |       |     2 |       |       ||     2
       Line Pass         |       |       |       |       |     4 |     1 ||     5
 Abil: Evoke Invisibilit |       |       |       |    11 |    19 |    26 ||    56
       Evoke Thunderclou |       |       |       |       |       |     1 ||     1
Evoke: Wand              |       |       |       |     2 |     1 |     9 ||    12
  Use: Scroll            |       |    11 |     8 |     8 |     9 |    16 ||    52
       Potion            |       |       |     2 |       |     4 |    27 ||    33
 Stab: Sleeping          |    10 |    10 |    19 |    40 |    65 |    45 ||   189
       Paralysed         |       |       |    12 |    20 |   153 |    48 ||   233
       Distracted        |       |       |     3 |     1 |     4 |     8 ||    16
       Invisible         |       |       |       |    28 |    66 |    61 ||   155
       Confused          |       |       |       |       |     2 |     1 ||     3
  Eat: Ration            |       |     1 |     3 |     5 |    14 |    10 ||    33
Armor: Robe              |    11 |    21 |    23 |       |       |       ||    55
       Troll leather arm |       |       |    23 |    27 |   126 |    49 ||   225
Dodge: Dodged            |    77 |   199 |   629 |   462 |  1941 |   694 ||  4002
Block: Buckler           |       |       |       |       |   601 |   396 ||   997
       Rpst.: Scimitar   |       |       |       |       |     6 |       ||     6
